 Dungeon Crawl Stone Soup version 0.28-a0-845-gfc338a8e3c (webtiles) character file.

Game seed: 17845315395667953804

564 Crownlay the Sneak (level 7, 0/44 HPs)
             Began as an Octopode Transmuter on Nov 12, 2021.
             Slain by Dowan (4 damage)
             ... on level 4 of the Dungeon.
             The game lasted 00:06:26 (4425 turns).

Crownlay the Sneak (Octopode Transmuter)            Turns: 4425, Time: 00:06:26

Health: 0/44       AC:  1    Str:  9    XL:     7   Next: 32%
Magic:  10/10      EV: 13    Int: 15    God:
Gold:   208        SH:  0    Dex: 15    Spells: 6/10 levels left

rFire   . . .      SeeInvis .   e - +0 dagger (venom)
rCold   . . .      Faith    .   (no shield)
rNeg    . . .      Spirit   .   (helmet currently unavailable)
rPois   .          Reflect  .   (no amulet)
rElec   .          Harm     .   (no ring)
rCorr   .          Rampage  .   (no ring)
Will    .....                   (no ring)
Stlth   ++++......              (no ring)
HPRegen 0.14/turn               (no ring)
MPRegen 0.12/turn               (no ring)
                                (no ring)
                                (no ring)

@: appendages
A: tentacle spike 3, almost no armour, amphibious, 8 rings, camouflage 1,
gelatinous body 1, (nimble swimmer 1), tentacles
a: End Transformation


You were on level 4 of the Dungeon.
One of your tentacles had grown a beastly spike.
You visited 1 branch of the dungeon, and saw 4 of its levels.

You collected 208 gold pieces.

Inventory:

Hand Weapons
 e - a +0 dagger of venom (weapon)
Armour
 c - a +0 kite shield
Scrolls
 g - a scroll of immolation {unknown}
 i - a scroll of fog {unknown}
 j - 2 scrolls of identify
 k - a scroll of amnesia {unknown}
 m - a scroll of blinking {unknown}
 o - 2 scrolls of teleportation {unknown}
Potions
 a - a potion of flight {unknown}
 b - 2 potions of lignification {unknown}
 d - a potion of resistance {unknown}
 f - a potion of heal wounds {unknown}
 h - 2 potions of brilliance
 l - a potion of berserk rage {unknown}
 n - a potion of invisibility {unknown}


   Skills:
 - Level 1.9 Fighting
 - Level 2.0 Dodging
 + Level 6.5 Stealth
 - Level 3.0 Unarmed Combat
 - Level 2.0 Spellcasting
 * Level 1.3 Hexes
 * Level 5.7 Transmutations


You had 6 spell levels left.
You knew the following spells:

 Your Spells              Type           Power      Damage    Failure   Level
a - Beastly Appendage     Tmut           36%        N/A       1%          1
b - Spider Form           Tmut/Pois      10%        N/A       21%         3

Your spell library contained the following spells:

 Spells                   Type           Power      Damage    Failure   Level
 Wereblood                Tmut           18%        N/A       3%          2
 Ensorcelled Hibernation  Hex/Ice        6%         N/A       26%         2
 Tukima's Dance           Hex            5%         N/A       36%         3
 Ice Form                 Ice/Tmut       10%        N/A       56%         4


Dungeon Overview and Level Annotations

Branches:
Dungeon (4/15)             Temple (0/1) D:4

Altars:
Hepliaklqana

Annotations:
D:4 Dowan


Innate Abilities, Weirdness & Mutations

One of your tentacles has grown a beastly spike.
You cannot wear most types of armour.
You are amphibious.
You can wear up to eight rings at the same time.
Your skin changes colour to match your surroundings (Stealth+).
Your rubbery body absorbs attacks. (AC +1, EV +1)
((You are camouflaged near water. (Stealth+)))
You have tentacles for arms and can constrict up to eight enemies at once.


Message History

Dowan points at you and mumbles some strange words.
The puff of flame hits you. Duvessa hits you with a +0 rapier!
* * * LOW HITPOINT WARNING * * *
Okay, then.
Okay, then.
You hit Duvessa.
Duvessa is lightly wounded.
You constrict Duvessa. Duvessa misses you.
You hit Duvessa but do no damage. You tentacle-slap Duvessa.
Duvessa is moderately wounded.
You constrict Duvessa.
Dowan casts a spell.
Dowan blinks!
Duvessa barely misses you.
You completely miss Duvessa.
You pierce Duvessa, but do no damage.
Duvessa is moderately wounded.
You constrict Duvessa. Duvessa closely misses you.
You hit Duvessa but do no damage.
Duvessa is poisoned.
You pierce Duvessa.
You squeeze Duvessa, but do no damage.
Duvessa is heavily wounded.
You constrict Duvessa. Duvessa closely misses you.
You hit Duvessa.
Duvessa looks as sick as possible!
You pierce Duvessa, but do no damage.
Duvessa is heavily wounded.
You constrict Duvessa.
Duvessa says, "My weaknesses are his strengths!"
Duvessa closely misses you.
You hit Duvessa but do no damage.
Duvessa looks as sick as possible!
You squeeze Duvessa, but do no damage.
Duvessa is severely wounded.
You constrict Duvessa. Duvessa hits you with a +0 rapier!
* * * LOW HITPOINT WARNING * * *
You hit Duvessa.
You kill Duvessa!
Dowan screams, "No!
Oh no!"
Dowan seems to find hidden reserves of power!
Dowan closely misses you.
Your Hexes skill increases to level 1!
You hit Dowan but do no damage.
Dowan is poisoned.
Your grab misses Dowan.
Your tentacle spike misses Dowan.
Dowan hits you with a +0 dagger.
You die...

#......# ....# #.#.....
#......# #....... #......#
#######. #......# #. ........#
#. ####+############## #.
#.....)........... #.
#.##.#.........#)# #.
#.##.#.........#@####### ##
#.##.'.........#.e......
#.####.........#........
.........#+###.#........
#.######.......'....#### #.#
#.#.###.#....# #.#
#.......#....#
#.########.###################.
#.#............................


You could see Dowan (fast, poisoned).

Vanquished Creatures
  Sigmund (D:2)
  Duvessa (D:4)
  Pargi (D:3)
  A bullfrog skeleton (D:3)
  An orc priest (D:3)
  An iguana (D:4)
  4 adders
  An ufetubus (D:4)
  5 dart slugs
  5 orcs
  5 ball pythons
  7 bats
  10 endoplasms
  2 giant cockroaches
  7 goblins
  4 hobgoblins
  4 jackals
  8 kobolds
  3 quokkas
  6 frilled lizards
  4 rats
81 creatures vanquished.

Notes
Turn   | Place    | Note
-------+----------+-------------------------------------------
     0 | D:1      | Crownlay the Octopode Transmuter began the quest for the
                  | Orb.
     0 | D:1      | Reached XP level 1. HP: 13/13 MP: 3/3
    51 | D:1      | Reached skill level 1 in Stealth
   321 | D:1      | Reached XP level 2. HP: 16/18 MP: 1/5
   392 | D:1      | Reached skill level 2 in Stealth
  1061 | D:1      | Reached skill level 3 in Stealth
  1100 | D:1      | Reached XP level 3. HP: 6/24 MP: 6/6
  1810 | D:2      | Learned a level 3 spell: Spider Form
  2433 | D:2      | Reached XP level 4. HP: 27/29 MP: 7/7
  2472 | D:2      | Noticed Sigmund
  2478 | D:2      | Killed Sigmund
  2479 | D:2      | Reached skill level 5 in Stealth
  2479 | D:2      | Reached XP level 5. HP: 22/34 MP: 8/8
  2769 | D:3      | Noticed Pargi
  2779 | D:3      | Killed Pargi
  2780 | D:3      | Reached XP level 6. HP: 39/39 MP: 5/9
  2874 | D:3      | Reached skill level 5 in Transmutations
  2891 | D:3      | Reached skill level 6 in Stealth
  3953 | D:4      | Reached XP level 7. HP: 44/44 MP: 10/10
  4172 | D:4      | Found a hazy altar of Hepliaklqana.
  4271 | D:4      | Found a staircase to the Ecumenical Temple.
  4409 | D:4      | Noticed Duvessa
  4409 | D:4      | Noticed Dowan
  4424 | D:4      | Killed Duvessa
  4425 | D:4      | Reached skill level 1 in Hexes
  4425 | D:4      | Slain by Dowan

Illustrated notes

Levels and vault maps discovered:
D:1:      nicolae_arrival_washed_ashore, layout_basic, grunt_decor_mini_mirrors,
          minmay_misc_feat_room, minivault_4, minmay_misc_feat_rugged,
          serial_park_tiny_pond, hangedman_decor_growths
D:2:      layout_basic, kennysheep_another_room, uniq_sigmund
D:3:      layout_basic, uniq_pargi
D:4:      layout_basic, nicolae_overflow_crystal_walls,
          minmay_temple_entry_enclosed_plants, nicolae_underground_beach,
          uniq_duvessa

Skill      XL: |  1  2  3  4  5  6  7 |
---------------+----------------------+-----
Stealth        | 1 3 5 6 |  6.5
Transmutations | 4 5 |  5.7
Hexes          | 1 |  1.3
Fighting       | |  1.9
Dodging        | |  2.0
Unarmed Combat | |  3.0
Spellcasting   | |  2.0

Action                   |  1- 3 |  4- 6 |  7- 9 || total
-------------------------+-------+-------+-------++-------
Melee: Dagger            |    80 |    54 |    19 ||   153
       Unarmed           |     7 |    10 |       ||    17
       Constrict         |    19 |    13 |     2 ||    34
       Tentacles         |    14 |     8 |     4 ||    26
       Punch             |     2 |     1 |     1 ||     4
       Kick              |     3 |       |     4 ||     7
 Cast: Beastly Appendage |     9 |       |     1 ||    10
       Spider Form       |       |     2 |       ||     2
  Use: Scroll            |       |     2 |       ||     2
 Stab: Sleeping          |    11 |    13 |     6 ||    30
Armor: Skin              |     9 |     8 |       ||    17
Dodge: Dodged            |    64 |    44 |     9 ||   117

Table legend: (Time is in decaauts)
 A = Elapsed time spent in this place.
 B = Non-inter-level travel time spent in this place.
 C = Inter-level travel time spent in this place.
 D = Time resting spent in this place.
 E = Time spent auto-exploring this place.
 F = Levels seen in this place.
 G = Mean time per level.
                   A        B        C        D        E       F      G
               +--------+--------+--------+--------+--------+-----+--------+
         Total |   4422 |   4328 |     94 |      0 |   3708 |   4 | 1105.5 |
       Dungeon |   4422 |   4328 |     94 |      0 |   3708 |   4 | 1105.5 |
               +--------+--------+--------+--------+--------+-----+--------+

Top non-repeatable levels by time:
     D:1: 1636 daAuts
     D:3: 1115 daAuts
     D:2: 964 daAuts
     D:4: 705 daAuts
